 Dungeon Crawl Stone Soup version 0.19.0-18-g426998a (webtiles) character file.

333 Andry07 the Skirmisher (level 6, -7/44 HPs)
             Began as a Gargoyle Fighter on Nov 11, 2016.
             Killed from afar by an orc wizard (11 damage)
             ... with a puff of flame
             ... on level 4 of the Dungeon.
             The game lasted 00:03:53 (2623 turns).

Andry07 the Skirmisher (Gargoyle Fighter)           Turns: 2623, Time: 00:03:54

Health: -7/44      AC: 14    Str: 21    XL:     6   Next: 53%
Magic:  6/6        EV:  7    Int:  8    God:
Gold:   144        SH:  9    Dex: 10    Spells: 0 memorised, 5 levels left

rFire  . . .     SeeInvis .     a - +0 war axe
rCold  . . .     Gourm    .     b - +0 scale mail
rNeg   + . .     Faith    .     c - +0 shield
rPois  ∞         Spirit   .     h - +2 helmet
rElec  +         Reflect  .     (no cloak)
rCorr  .         Harm     .     (no gloves)
MR     .....                    (no boots)
Stlth  ..........               (no amulet)
                                (no ring)
                                (no ring)

@: no status effects
A: negative energy resistance 1, electricity resistance, unbreathing,
petrification resistance, rot immunity, AC +4
a: no special abilities


You were on level 4 of the Dungeon.
You were very hungry.

You visited 1 branch of the dungeon, and saw 4 of its levels.

You collected 144 gold pieces.

Inventory:

Hand Weapons
 a - a +0 war axe (weapon)
Armour
 b - a +0 scale mail (worn)
 c - a +0 shield (worn)
 h - a +2 helmet (worn)
Scrolls
 e - 2 scrolls of fear {unknown}
 i - 4 scrolls of remove curse {unknown}
 j - 2 scrolls of identify {unknown}
 l - 3 scrolls of enchant armour {unknown}
 n - a scroll of teleportation {unknown}
 o - a scroll of fog {unknown}
 p - a scroll of immolation {unknown}
 s - a scroll of random uselessness {unknown}
 t - 2 scrolls of blinking {unknown}
 v - a scroll of noise {unknown}
 x - a scroll of enchant weapon {unknown}
Potions
 d - a potion of might
 g - a potion of resistance {unknown}
 k - 2 potions of cancellation {unknown}
 m - a potion of agility {unknown}
 u - a potion of brilliance {unknown}
 w - a potion of mutation {unknown}
 z - a potion of lignification {unknown}
Comestibles
 f - 2 bread rations
 q - a royal jelly
 r - a slice of pizza


   Skills:
 + Level 7.8 Fighting
 - Level 1.7 Axes
 - Level 3.2 Armour
 - Level 3.2 Shields


You had 5 spell levels left.
You didn't know any spells.

Dungeon Overview and Level Annotations

Branches:
Dungeon (4/15)
 Temple: D:4-7

Altars:
Ru

Annotations:
D:4 Menkaure


Innate Abilities, Weirdness & Mutations

You are resistant to torment.
Your stone body is resilient. (AC +4)
You are immune to poison.
You resist negative energy. (rN+)
You are resistant to electric shocks. (rElec)
You can survive without breathing.
You are immune to petrification.
You are immune to rotting.


Message History

Menkaure calls on the powers of darkness!
The orc convulses!
The orc wizard convulses!
Your body is wracked with pain!
The orc wizard casts a spell.
The orc wizard seems to speed up.
You block the orc's attack.
Menkaure gestures wildly while chanting.
Menkaure calls on the powers of darkness!
The orc convulses!
Your body is wracked with pain!
* * * LOW HITPOINT WARNING * * *
The orc wizard mumbles some strange words.
Menkaure whispers, "It doesn't hurt if you pull your brain out of your nose yourself."
Menkaure calls on the powers of darkness!
The orc wizard convulses!
Your body is wracked with pain!
* * * LOW HITPOINT WARNING * * *
Menkaure gestures wildly while chanting.
The orc wizard gestures at you while chanting.
The magic dart hits you!
* * * LOW HITPOINT WARNING * * *
The orc wizard points at you and mumbles some strange words.
The puff of flame hits you!
You die...

#........#
####........#
#......o..M.# ###
#....)####.## #..
#...%. #o# #.#
#..... #o# #.#
#..... #.#
#.######### #.....
#o####>.........
#.....
#....@##...###.
####+#
#####.##...###.
#.............
#####.#.########.#
## #.....#.# ..#
#.....#'###### #.#
#............# #.#
#............# #
#.#
.###............#


You could see an orc wizard.

Vanquished Creatures
  2 orc priests (D:3)
  3 orc wizards
  Terence (D:2)
  A worker ant (D:4)
  6 adders
  A howler monkey skeleton (D:4)
  An ooze (D:1)
  A worm (D:3)
  5 dart slugs
  7 orcs
  4 bats
  4 giant cockroaches
  6 goblins
  4 hobgoblins
  3 jackals (D:2)
  2 quokkas
  A ball python skeleton (D:4)
  3 frilled lizards
  6 kobolds
  8 rats
69 creatures vanquished.

Notes
Turn   | Place    | Note
-------+----------+-------------------------------------------
     0 | D:1      | Andry07 the Gargoyle Fighter began the quest for the Orb.
     0 | D:1      | Reached XP level 1. HP: 14/14 MP: 1/1
   104 | D:1      | Reached XP level 2. HP: 16/20 MP: 2/2
   165 | D:1      | Reached skill level 4 in Fighting
   418 | D:1      | Reached XP level 3. HP: 22/24 MP: 3/3
   934 | D:2      | Noticed Terence
   943 | D:2      | Killed Terence
   943 | D:2      | Reached skill level 5 in Fighting
   943 | D:2      | Reached XP level 4. HP: 25/31 MP: 4/4
  1352 | D:3      | Found a sacrificial altar of Ru.
  1361 | D:3      | Reached skill level 6 in Fighting
  1416 | D:3      | Reached XP level 5. HP: 36/36 MP: 5/5
  1931 | D:3      | Reached skill level 7 in Fighting
  1960 | D:3      | Reached XP level 6. HP: 21/44 MP: 6/6
  2603 | D:4      | Noticed Menkaure
  2623 | D:4      | Killed from afar by an orc wizard

Skill      XL: |  1  2  3  4  5 |
---------------+----------------+-----
Fighting       | 4 5 6 7 |  7.8
Axes           | |  1.7
Armour         | |  3.2
Shields        | |  3.2

Action                   |  1- 3 |  4- 6 || total
-------------------------+-------+-------++-------
Melee: War axe           |    71 |   216 ||   287
  Eat: Chunk             |       |     5 ||     5
Armor: Scale mail        |    41 |   150 ||   191
Dodge: Dodged            |    25 |    68 ||    93
Block: Shield            |    41 |   117 ||   158
